 Dungeon Crawl Stone Soup version 0.16-a0-296-gbdb9f68 (webtiles) character file.

4043 Ololoev the Basher (level 10, 0/80 HPs)
             Began as a Naga Gladiator on Aug 28, 2014.
             Was an Elder of Okawaru.
             Slain by a killer bee (8 damage)
             ... on Level 9 of the Dungeon on Aug 29, 2014.
             The game lasted 00:38:21 (9125 turns).

Ololoev the Basher (Naga Gladiator)                 Turns: 9125, Time: 00:38:21

HP   0/80        AC  4     Str 22      XL: 10   Next: 24%
MP  18/18        EV 15     Int 10      God: Okawaru [****..]
Gold 371         SH  5     Dex 18      Spells:  3 memorised,  7 levels left

rFire  + . .     SeeInvis +     y - +8 mithril axe "Arga" {speed, MR+ Str+2}
rCold  . . .     Clarity  .     u - +0 leather armour {MR+}
rNeg   . . .     rCorr    .     c - +0 buckler
rPois  +         rRot     .     (no helmet)
rElec  .         Spirit   .     (no cloak)
SustAb .         Warding  .     (no gloves)
rMut   +         Stasis   .     (no barding)
Gourm  .                        F - amulet of resist mutation
MR     +++..                    v - ring of protection from fire
                                s - +2 ring of strength

@: agile, repel missiles, very slow, extremely resistant to hostile
enchantments, unstealthy
A: spit poison, see invisible, deformed body, poison resistance, slowness 2, AC
+3
a: Spit Poison, Heroism, Renounce Religion


You were on level 9 of the Dungeon.
You worshipped Okawaru.
Okawaru was greatly pleased with you.
You were not hungry.

You visited 1 branch of the dungeon, and saw 9 of its levels.

You collected 371 gold pieces.

Inventory:

Hand weapons
 a - a +0 flail
 y - the +8 mithril axe "Arga" (weapon) {speed, MR+ Str+2}
   (You found it on level 5 of the Dungeon)

   Attacks with this weapon are significantly faster.
   It affects your strength (+2).
   It affects your resistance to hostile enchantments.
Armour
 c - a +0 buckler (worn)
 u - a +0 leather armour of magic resistance (worn)
Magical devices
 b - a wand of disintegration (0)
 t - a wand of digging (6)
Comestibles
 d - 2 chunks of jackal flesh
 f - 3 bread rations
 g - a beef jerky
 h - 3 fruits
 j - 3 slices of pizza
 z - 5 meat rations
Scrolls
 i - 3 scrolls of magic mapping
 m - 2 scrolls of enchant armour {unknown}
 n - 5 scrolls of teleportation
 o - 2 scrolls of remove curse
 q - a scroll of immolation
 r - 3 scrolls of fog
 w - 3 scrolls of amnesia
 x - a scroll of random uselessness {unknown}
 B - a scroll of fear {unknown}
Jewellery
 s - a +2 ring of strength (left hand)
 v - a ring of protection from fire (right hand)
 F - an amulet of resist mutation (around neck)
Potions
 e - 2 potions of magic
 k - a potion of flight
 p - a potion of restore abilities {unknown}
 A - a potion of brilliance {unknown}
 E - a potion of resistance {unknown}
 G - a potion of poison {unknown}
Books
 C - a book of Minor Magic

   Spells                             Type                      Level
   Magic Dart                         Conjuration                  1
   Blink                              Translocation                2
   Call Imp                           Summoning                    2
   *Repel Missiles                    Charms/Air                   2
   Slow                               Hexes                        2
   Conjure Flame                      Conjuration/Fire             3
   *Mephitic Cloud                    Conjuration/Poison/Air       3
 D - a book of Battle

   Spells                             Type                      Level
   Infusion                           Charms                       1
   Shroud of Golubria                 Charms/Translocation         2
   Song of Slaying                    Charms                       2
   Spectral Weapon                    Hexes/Charms                 3
   *Regeneration                      Charms/Necromancy            3


   Skills:
 - Level 2.0 Fighting
 - Level 11.0 Maces & Flails
 - Level 1.7 Throwing
 - Level 2.4 Dodging
 - Level 2.1 Shields
 + Level 3.1 Spellcasting
 + Level 4.0 Conjurations
 + Level 3.6 Charms
 + Level 2.8 Necromancy
 + Level 3.4 Air Magic
 + Level 5.2 Poison Magic


You had 7 spell levels left.
You knew the following spells:

 Your Spells              Type           Power        Failure   Level  Hunger
a - Repel Missiles        Chrm/Air       #.....       12%         2    ###....
b - Mephitic Cloud        Conj/Pois/Air  ##......     14%         3    ####...
c - Regeneration          Chrm/Necr      #.........   21%         3    ####...


Dungeon Overview and Level Annotations

Branches:
Dungeon (9/15)             Temple (0/1) D:6
    Orc: D:9-12        Lair: D:8-11

Altars:
Ashenzari
Cheibriados
Fedhas
Gozag
Kikubaaqudgha
Makhleb
Nemelex Xobeh
Okawaru
Xom
Yredelemnul
The Shining One

Annotations:
D:9 Maurice


Innate Abilities, Weirdness & Mutations

You cannot wear boots.
You can spit poison.
Your serpentine skin is tough (AC +3).
You have supernaturally acute eyesight.
Armour fits poorly on your strangely shaped body.
Your system is resistant to poisons.
You cover ground very slowly.


Message History

You kill the killer bee!
Okawaru accepts your kill.
Your Conjurations skill increases to level 4!
You slash the killer bee!
The killer bee is severely wounded.
You miss the killer bee.
The killer bee is almost dead.
The killer bee misses you. The killer bee barely misses you.
The killer bee misses you.
You slash the killer bee!
You kill the killer bee!
Okawaru accepts your kill.
You closely miss the killer bee.
The killer bee is almost dead.
The killer bee stings you but does no damage.
You block the killer bee's attack.
You closely miss the killer bee.
The killer bee is almost dead.
The killer bee stings you!
You die...

.....# ......# .......#
........# ........#
........# .........#
........%###############
........%@..............
........y......#########
############..# #..#
#..# #..#
#########.(########
....................
...........#########


You could see a killer bee.

Vanquished Creatures
  Erolcha (D:8)
  A kobold demonologist (D:8)
  The ghost of Charly the Ruffian, an average VSMo of Cheibriados (D:8)
  A water moccasin (D:8)
  A phantom (D:8)
  3 orc warriors
  3 ogres
  An ice beast (D:5)
  A sky beast (D:7)
  Duvessa (D:7)
  6 giant frogs
  Blork the orc (D:5)
  3 big kobolds (D:7)
  2 scorpions
  5 killer bees (D:9)
  A wight (D:6)
  3 crimson imps
  Dowan (D:7)
  A jelly (D:7)
  6 orc priests
  6 orc wizards
  A quasit (D:7)
  5 worker ants
  A hound skeleton (D:4)
  11 adders
  8 gnolls
  4 shadow imps
  5 worms
  6 giant geckos
  An ooze (D:5)
  32 orcs
  A bat skeleton (D:7)
  2 giant cockroaches
  12 goblins
  11 hobgoblins
  13 jackals
  30 kobolds
  3 quokkas (D:4)
  3 ball pythons
  13 bats
  13 giant newts
  A hobgoblin zombie (D:5)
  An orc skeleton (D:4)
  A quokka skeleton (D:5)
  10 rats
  3 rat skeletons
240 creatures vanquished.

Notes
Turn   | Place    | Note
--------------------------------------------------------------
     0 | D:1      | Ololoev, the Naga Gladiator, began the quest for the Orb.
     0 | D:1      | Reached XP level 1. HP: 19/19 MP: 1/1
   373 | D:1      | Reached XP level 2. HP: 26/26 MP: 2/2
  1051 | D:1      | Reached skill level 4 in Maces & Flails
  1218 | D:2      | Reached XP level 3. HP: 32/32 MP: 3/3
  1858 | D:2      | Reached XP level 4. HP: 37/39 MP: 4/4
  2004 | D:2      | Reached skill level 5 in Maces & Flails
  2356 | D:3      | Reached XP level 5. HP: 15/45 MP: 5/5
  2878 | D:3      | Found a burning altar of Makhleb.
  3029 | D:3      | Reached skill level 6 in Maces & Flails
  3518 | D:4      | Reached XP level 6. HP: 19/52 MP: 6/6
  4143 | D:4      | Found an opulent altar of Gozag.
  4146 | D:4      | Found an ancient bone altar of Kikubaaqudgha.
  4148 | D:4      | Found an iron altar of Okawaru.
  4152 | D:4      | Became a worshipper of Warmaster Okawaru
  4245 | D:4      | Reached skill level 7 in Maces & Flails
  4636 | D:5      | Entered Level 5 of the Dungeon
  4741 | D:5      | Upgraded the game from 0.16-a0-286-g6bac339 to 0.16-a0-296-gbdb9f68
  4903 | D:5      | Found a blossoming altar of Fedhas.
  5024 | D:5      | Found a basalt altar of Yredelemnul.
  5030 | D:5      | Reached XP level 7. HP: 30/60 MP: 7/7
  5153 | D:5      | Reached skill level 8 in Maces & Flails
  5524 | D:5      | Noticed Blork the orc
  5530 | D:5      | Killed Blork the orc
  5812 | D:6      | Acquired Okawaru's first power
  5996 | D:6      | Got an iridescent mace
  5997 | D:6      | Identified the cursed +0 mace of Contradiction {crush, Noisy rC+ Dex-4} (You found it on level 6 of the Dungeon)
  6014 | D:6      | Reached skill level 1 in Shields
  6146 | D:6      | Reached skill level 9 in Maces & Flails
  6146 | D:6      | Reached XP level 8. HP: 67/67 MP: 8/8
  6195 | D:6      | Found a staircase to the Ecumenical Temple.
  6475 | D:6      | Found a shattered altar of Ashenzari.
  6854 | D:7      | Noticed Dowan
  6855 | D:7      | Noticed Duvessa
  6860 | D:7      | Killed Dowan
  6872 | D:7      | Killed Duvessa
  7113 | D:7      | Reached skill level 10 in Maces & Flails
  7480 | D:7      | Reached skill level 11 in Maces & Flails
  7480 | D:7      | Reached XP level 9. HP: 64/73 MP: 9/9
  7502 | D:7      | Learned a level 2 spell: Repel Missiles
  7506 | D:7      | Learned a level 3 spell: Mephitic Cloud
  7561 | D:7      | Found a glowing golden altar of the Shining One.
  7666 | D:7      | Reached skill level 1 in Conjurations
  7666 | D:7      | Reached skill level 1 in Charms
  7666 | D:7      | Reached skill level 1 in Air Magic
  7666 | D:7      | Reached skill level 1 in Poison Magic
  7698 | D:7      | Learned a level 3 spell: Regeneration
  7860 | D:7      | Found a shimmering altar of Xom.
  7874 | D:7      | Found a sparkling altar of Nemelex Xobeh.
  8052 | D:7      | Found a snail-covered altar of Cheibriados.
  8070 | D:7      | Reached skill level 1 in Spellcasting
  8287 | D:7      | Reached skill level 1 in Necromancy
  8642 | D:8      | Noticed a kobold demonologist
  8650 | D:8      | Killed a kobold demonologist
  8733 | D:8      | Noticed Erolcha
  8745 | D:8      | Killed Erolcha
  8745 | D:8      | Reached XP level 10. HP: 73/80 MP: 13/17
  8828 | D:8      | Noticed Charly's ghost (average VSMo)
  8835 | D:8      | Killed Charly's ghost
  8835 | D:8      | Reached skill level 5 in Poison Magic
  8961 | D:9      | Noticed Maurice
  9125 | D:9      | Slain by a killer bee

Action                   |  1- 3 |  4- 6 |  7- 9 | 10-12 || total
-------------------------+-------+-------+-------+-------++-------
Melee: Flail             |   110 |   171 |       |       ||   281
       Broad axe         |       |    26 |   215 |    37 ||   278
       Mace              |       |       |    11 |       ||    11
Throw: Throwing net      |       |     3 |       |       ||     3
 Cast: Repel Missiles    |       |       |     2 |       ||     2
       Mephitic Cloud    |       |       |     1 |     2 ||     3
Invok: Heroism           |       |       |     1 |       ||     1
 Abil: Spit Poison       |     7 |    49 |    37 |     1 ||    94
Evoke: Wand              |       |     1 |    15 |    11 ||    27
  Use: Scroll            |       |     4 |    10 |       ||    14
       Potion            |       |       |     5 |     1 ||     6
 Stab: Confused          |       |       |       |     2 ||     2
  Eat: Chunk             |     3 |     9 |    13 |     2 ||    27
       Bread ration      |       |     1 |       |       ||     1
       Beef jerky        |       |       |     1 |       ||     1
